 Dungeon Crawl Stone Soup version 0.23.0 (webtiles) character file.

Game seed: 14773817565512367412

13008 Infinimo the Impaler (level 11, -1/104 HPs)
             Began as a Minotaur Berserker on Feb 13, 2019.
             Was a High Priest of Trog.
             Slain by a yak (4 damage)
             ... on level 1 of the Lair of Beasts.
             The game lasted 00:13:14 (10739 turns).

Infinimo the Impaler (Minotaur Berserker)          Turns: 10739, Time: 00:13:14

Health: -1/104     AC: 11    Str: 25    XL:     11   Next: 69%
Magic:  3/3        EV: 13    Int:  9    God:    Trog [*****.]
Gold:   716        SH:  0    Dex:  9    Spells: 10/10 levels left

rFire    . . .     SeeInvis .   q - +7 bardiche (antimagic)
rCold    . . .     Gourm    .   (shield currently unavailable)
rNeg     . . .     Faith    .   s - +2 scale mail {rPois}
rPois    +         Spirit   .   (helmet restricted)
rElec    .         Reflect  .   (no cloak)
rCorr    .         Harm     .   (no gloves)
MR       .....                  (no boots)
Stlth    ..........             d - amulet of magic regeneration
HPRegen  0.27/turn              b - +4 ring of intelligence
MPRegen  0.33/turn              j - +2 ring of evasion

@: berserk cooldown, slowed, very slow
A: retaliatory headbutt, horns 2
a: Berserk, Trog's Hand, Brothers in Arms, Renounce Religion


You were on level 1 of the Lair of Beasts.
You worshipped Trog.
Trog was extremely pleased with you.
You were very hungry.

You visited 2 branches of the dungeon, and saw 11 of its levels.

You collected 716 gold pieces.

Inventory:

Hand Weapons
 q - a +7 antimagic bardiche (weapon)
Armour
 s - a +2 scale mail of poison resistance (worn)
Jewellery
 a - an uncursed amulet of faith {unknown}
 b - a +4 ring of intelligence (left hand)
 d - an amulet of magic regeneration (around neck)
 j - a +2 ring of evasion (right hand)
 v - a +4 amulet of reflection {unknown}
 x - an uncursed ring of fire {unknown}
 A - an uncursed ring of wizardry {unknown}
Wands
 i - a wand of iceblast (23)
 p - a wand of disintegration (19)
 y - a wand of digging (7)
Scrolls
 g - 3 scrolls of fog
 m - 3 scrolls of remove curse
 o - 3 scrolls of identify
 t - a scroll of noise {unknown}
 w - 2 scrolls of enchant armour
Potions
 e - a potion of flight
 f - a potion of haste
 h - a potion of heal wounds
 k - 2 potions of curing
 l - a potion of lignification
 n - 2 potions of might
 r - 2 potions of invisibility
 u - a potion of brilliance {unknown}
 B - a potion of mutation {unknown}
 C - a potion of ambrosia {unknown}
Comestibles
 c - 20 rations


   Skills:
 + Level 11.7 Fighting
 * Level 15.4 Polearms
 + Level 11.4 Armour
 - Level 2.2 Dodging


You had 10 spell levels left.
You didn't know any spells.
Your spell library was empty.

Dungeon Overview and Level Annotations

Branches:
Dungeon (9/15)             Temple (0/1) D:4            Lair (2/6) D:9
    Orc (0/2) D:9
  Swamp: Lair:2-4    Shoals: Lair:2-4     Snake: Lair:2-4    Spider: Lair:2-4

Altars:
Ashenzari
Cheibriados
Dithmenos
Fedhas
Gozag
Hepliaklqana
Nemelex Xobeh
Okawaru
Qazlal
Ru
Sif Muna
Uskayaw
Wu Jian
Yredelemnul
Zin
Beogh

Shops:
D:7 !


Innate Abilities, Weirdness & Mutations

You reflexively headbutt those who attack you in melee.
You have a pair of horns on your head.


Message History

The yak gores you.
* * * LOW HITPOINT WARNING * * *
You furiously retaliate!
You headbutt the yak!
You feel much better. The yak gores you.
* * * LOW HITPOINT WARNING * * *
The yak is severely wounded.
The yak gores you.
* * * LOW HITPOINT WARNING * * *
The yak is severely wounded.
You furiously retaliate!
You headbutt the yak. The yak gores you.
* * * LOW HITPOINT WARNING * * *
You kill the yak!
Trog accepts your kill. The yak gores you.
* * * LOW HITPOINT WARNING * * *
The yak is moderately wounded.
The yak gores you.
* * * LOW HITPOINT WARNING * * *
The yak gores you.
You die...

≈≈≈≈≈≈≈≈≈≈≈..##....#.............
P≈P≈≈P≈≈≈P≈......##..#...........
≈≈≈≈≈.P≈≈≈≈<....######.........#.
≈≈≈......≈≈....## #..###.#.##.
................# #.## #######
...............## ###
................#
...........#..YY##
...............#@#
...........#..####
..............# .............##
.............# ###
...†.........####.#
...>.............####
..................#.#
....................##


You could see 2 yaks.

Vanquished Creatures
  4 death yaks
  Pikel (D:9)
  A black mamba (Lair:2)
  A spiny frog (Lair:1)
  A rime drake (Lair:1)
  2 komodo dragons (Lair:1)
  3 hippogriffs
  12 yaks
  A basilisk (Lair:1)
  Eustachio (D:6)
  A wyvern (D:8)
  Grum (D:8)
  Menkaure (D:5)
  Edmund (D:6)
  2 water moccasins (Lair:1)
  Duvessa (D:5)
  4 porcupines
  A sky beast (D:8)
  3 ice beasts
  2 orc warriors (D:8)
  3 slaves (D:9)
  2 phantoms (D:8)
  6 ogres
  14 wolves
  4 centaurs
  2 crocodiles (Lair:1)
  5 bullfrogs
  Dowan (D:5)
  A water moccasin zombie (D:9)
  2 scorpions
  An electric eel (Lair:1)
  5 howler monkeys
  4 crimson imps
  A centaur zombie (D:6)
  A quasit (D:9)
  A bullfrog zombie (D:5)
  4 hounds
  3 orc priests
  2 jellies
  A gnoll shaman (D:5)
  A centaur skeleton (D:8)
  6 orc wizards
  6 worker ants
  A hound skeleton (D:7)
  2 howler monkey zombies
  2 worker ant zombies
  8 adders
  21 gnolls
  3 river rats
  3 shadow imps
  An ooze (D:4)
  3 adder skeletons
  3 dart slugs (D:1)
  7 leopard geckos
  48 orcs
  7 giant cockroaches
  14 hobgoblins
  22 jackals
  8 kobolds
  3 quokkas
  A ball python (D:5)
  3 bats
  3 frilled lizards
  10 goblins
  A jackal skeleton (D:5)
  A quokka skeleton (D:6)
  A quokka zombie (D:6)
  5 rats
301 creatures vanquished.

Vanquished Creatures (others)
  An orc priest (D:9)
  A plant (D:4)
2 creatures vanquished.

Grand Total: 303 creatures vanquished

Notes
Turn   | Place    | Note
-------+----------+-------------------------------------------
     0 | D:1      | Infinimo the Minotaur Berserker began the quest for the
                  | Orb.
     0 | D:1      | Reached XP level 1. HP: 19/19 MP: 0/0
   363 | D:1      | Reached XP level 2. HP: 27/27 MP: 1/1
   368 | D:1      | Reached skill level 4 in Polearms
   783 | D:1      | Reached XP level 3. HP: 33/33 MP: 2/2
  1234 | D:2      | Found a shadowy altar of Dithmenos.
  1234 | D:2      | Found a hide-covered altar of Uskayaw.
  1486 | D:3      | Reached XP level 4. HP: 40/40 MP: 3/3
  1505 | D:3      | Reached ** piety under Trog
  1591 | D:3      | Reached skill level 5 in Polearms
  1819 | D:3      | Found a shattered altar of Ashenzari.
  1922 | D:3      | Reached XP level 5. HP: 47/47 MP: 4/4
  2468 | D:3      | Reached skill level 6 in Polearms
  2696 | D:4      | Noticed an ice beast
  2703 | D:4      | Killed an ice beast
  2703 | D:4      | Reached skill level 5 in Fighting
  2703 | D:4      | Reached XP level 6. HP: 56/56 MP: 5/5
  3107 | D:4      | Reached skill level 7 in Polearms
  3298 | D:4      | Reached XP level 7. HP: 41/62 MP: 6/6
  3300 | D:4      | Identified the +5 falchion "Bod Yhie" {flame, *Contam rElec
                  | rPois rC+}
  3457 | D:4      | Found an iron altar of Okawaru.
  3485 | D:4      | Found a staircase to the Ecumenical Temple.
  3779 | D:5      | Entered Level 5 of the Dungeon
  3801 | D:5      | Reached skill level 5 in Armour
  3815 | D:5      | Reached *** piety under Trog
  3872 | D:5      | Found a glowing silver altar of Zin.
  3877 | D:5      | Noticed Menkaure
  3887 | D:5      | Killed Menkaure
  3944 | D:5      | Reached skill level 8 in Polearms
  4293 | D:5      | Found a sparkling altar of Nemelex Xobeh.
  4374 | D:5      | Noticed Dowan
  4375 | D:5      | Noticed Duvessa
  4393 | D:5      | Killed Duvessa
  4397 | D:5      | Killed Dowan
  4397 | D:5      | Reached XP level 8. HP: 68/71 MP: 7/7
  4616 | D:5      | Reached skill level 9 in Polearms
  4803 | D:5      | Found an ornate altar of the Wu Jian Council.
  4944 | D:5      | Got a twisted scale mail
  4955 | D:5      | Identified the +1 scale mail of Zirotuen {Int+6} (You found
                  | it on level 5 of the Dungeon)
  5204 | D:6      | Noticed Eustachio
  5214 | D:6      | Killed Eustachio
  5214 | D:6      | Reached skill level 10 in Polearms
  5490 | D:6      | Noticed Edmund
  5498 | D:6      | Killed Edmund
  5498 | D:6      | Reached XP level 9. HP: 81/81 MP: 8/8
  5535 | D:6      | Reached **** piety under Trog
  6093 | D:7      | Reached skill level 11 in Polearms
  6292 | D:7      | Found Boabelaj's Distillery.
  6662 | D:7      | Found a snail-covered altar of Cheibriados.
  6736 | D:7      | Found a deep blue altar of Sif Muna.
  6908 | D:7      | Reached ***** piety under Trog
  7055 | D:8      | Found a hazy altar of Hepliaklqana.
  7142 | D:8      | Reached skill level 12 in Polearms
  7351 | D:8      | Found a stormy altar of Qazlal.
  7355 | D:8      | Found an opulent altar of Gozag.
  7430 | D:8      | Found a blossoming altar of Fedhas.
  7640 | D:8      | Reached XP level 10. HP: 74/91 MP: 9/9
  7838 | D:8      | Found a roughly hewn altar of Beogh.
  7931 | D:8      | Noticed Grum
  7935 | D:8      | Found a basalt altar of Yredelemnul.
  7937 | D:8      | Received a gift from Trog
  7943 | D:8      | Killed Grum
  8155 | D:9      | Noticed Pikel
  8164 | D:9      | Killed Pikel
  8201 | D:9      | Found a sacrificial altar of Ru.
  8225 | D:9      | Reached skill level 13 in Polearms
  8451 | D:9      | Noticed a death yak
  8454 | D:9      | Noticed a death yak
  8454 | D:9      | Noticed a death yak
  8467 | D:9      | Reached skill level 10 in Fighting
  8474 | D:9      | Killed a death yak
  8478 | D:9      | Killed a death yak
  8478 | D:9      | Received a gift from Trog
  8478 | D:9      | Reached skill level 10 in Armour
  8488 | D:9      | Killed a death yak
  8488 | D:9      | Reached skill level 14 in Polearms
  8731 | D:9      | Found a staircase to the Lair.
  8768 | D:9      | Found a staircase to the Orcish Mines.
  8775 | D:9      | Found a roughly hewn altar of Beogh.
  9115 | Lair:1   | Entered Level 1 of the Lair of Beasts
  9211 | Lair:1   | Reached XP level 11. HP: 101/101 MP: 3/10
 10236 | Lair:1   | Reached skill level 15 in Polearms
 10639 | Lair:2   | Noticed a death yak
 10644 | Lair:2   | Noticed a four-headed hydra
 10647 | Lair:2   | Noticed a death yak
 10650 | Lair:2   | Killed a death yak
 10650 | Lair:2   | Noticed a death yak
 10652 | Lair:2   | Noticed a death yak
 10729 | Lair:1   | HP: 4/104 [yak (4)]
 10739 | Lair:1   | HP: 3/104 [yak (5)]
 10739 | Lair:1   | Slain by a yak

Skill      XL: |  1  2  3  4  5  6  7  8  9 10 11 |
---------------+----------------------------------+-----
Polearms       | 4 5 6 7 8 10 12 14 15 | 15.4
Fighting       | 4 5 6 7 9 10 11 | 11.7
Armour         | 3 4 6 7 8 10 11 | 11.4
Dodging        | |  2.2

Action                   |  1- 3 |  4- 6 |  7- 9 | 10-12 || total
-------------------------+-------+-------+-------+-------++-------
Melee: Spear             |    86 |   157 |   161 |       ||   404
       Headbutt          |     5 |    17 |    57 |    35 ||   114
       Halberd           |       |       |    36 |       ||    36
       Trident           |       |       |   169 |    53 ||   222
       Glaive            |       |       |       |    77 ||    77
       Bardiche          |       |       |       |   130 ||   130
Invok: Berserk           |       |     4 |    14 |     9 ||    27
  Use: Scroll            |     4 |     2 |     7 |     2 ||    15
       Potion            |       |       |       |     1 ||     1
 Stab: Sleeping          |     1 |     1 |       |       ||     2
  Eat: Chunk             |     2 |     9 |    23 |    11 ||    45
       Ration            |       |       |     1 |     2 ||     3
Armor: Animal skin       |     8 |     9 |       |       ||    17
       Scale mail        |       |     7 |    65 |    84 ||   156
Dodge: Dodged            |    28 |    51 |    95 |   153 ||   327
